AoeStats
← happyhoeker

Oasis

509924012Analyzed
2v2 RM · 3d ago on Sep 28, 2026· 34m 45s· 4 players
Game mode
Random Map
Map size
Medium (4 player)
Population
200
Speed
Normal
Resources
Standard
Victory
Conquest
Starting age
Dark Age
Ending age
Imperial Age
RankedLock teamsTeams togetherTeam positionsShared explorationLock speedFull tech treeHidden civsTurbo modeCheats
Victory
Defeat
🇳🇱 Magyars · Netherlands
1018
+16
🇧🇾 Britons · Belarus
1000
+17
🇨🇿 Bengalis · Czechia
1024
-17
🇨🇿 Huns · Czechia
1002
-16
HotCoffee
10:39 Feudal Age
11:53 Double-Bit Axe
15:55 Wheelbarrow
20:04 Castle Age
18:30 Stone Mining
18:28 Horse Collar
19:34 Gold Mining
22:09 Treadmill Crane
23:27 Bow Saw
23:25 Heavy Plow
24:30 Hand Cart
26:20 Gold Shaft Mining
25:55 Town Watch
26:50 Ballistics
26:22 Fletching
27:49 Pikeman
28:30 Squires
28:17 Arson
29:19 Bodkin Arrow
29:35 Forging
30:56 Yeomen
33:09 Padded Archer Armor
33:45 Iron Casting
33:11 Scale Mail Armor
35:04 Leather Archer Armor
happyhoeker
0:28 Loom
11:38 Feudal Age
11:52 Loom
11:53 Man-at-Arms
12:42 Double-Bit Axe
14:10 Arson
14:29 Scale Mail Armor
20:00 Horse Collar
23:17 Castle Age
23:06 Fletching
23:18 Padded Archer Armor
23:32 Bloodlines
23:18 Gold Mining
24:40 Bodkin Arrow
26:05 Leather Archer Armor
28:37 Wheelbarrow
29:27 Ballistics
30:34 Thumb Ring
31:53 Husbandry
32:27 Town Watch
LennyCZ
0:33 Loom
14:31 Feudal Age
24:01 Castle Age
22:35 Scale Mail Armor
23:21 Horse Collar
24:12 Scale Barding Armor
24:11 Padded Archer Armor
25:22 Fletching
29:24 Wheelbarrow
29:01 Town Watch
33:30 Ballistics
33:35 Bodkin Arrow
JozefCZ
1:53 Loom
12:07 Feudal Age
13:01 Double-Bit Axe
13:20 Horse Collar
20:35 Castle Age
20:09 Bloodlines
20:38 Wheelbarrow
19:50 Town Watch
19:57 Gold Mining
23:28 Hand Cart
24:00 Scale Barding Armor
24:27 Husbandry
24:57 Masonry
25:35 Forging
26:52 Bow Saw
33:04 Imperial Age
30:38 Murder Holes
31:04 Ballistics
31:43 Chain Barding Armor
31:20 Light Cavalry
33:55 Iron Casting
35:06 Chemistry
33:48 Cavalier
Connection lost

Rejoining the realm…

Still unreachable

The connection could not be restored.

Session expired

The server has moved on; the page needs a fresh start.